[Event "25th Bosnjaci Open 2020"]
[Site "Bosnjaci"]
[Date "2020.01.04"]
[Round "3.12"]
[White "Nikic, Patrick"]
[Black "Muratovic, Efim"]
[Result "0-1"]
[ECO "B90"]
[WhiteElo "2076"]
[BlackElo "2394"]
[Annotator "ChessBase"]
[PlyCount "74"]
[EventDate "2020.01.03"]
[EventType "swiss"]
[EventCountry "CRO"]
[SourceTitle "playchess.com"]
[Source "ChessBase"]
[SourceQuality "1"]
[TimeControl "5400+30"]

1. e4 c5 2. Nf3 d6 3. d4 cxd4 4. Nxd4 Nf6 5. Nc3 a6 6. Be3 e5 7. Nb3 Be6 8. f3 Nbd7 9. Qd2 h5 10. O-O-O Be7 11. Kb1 Qc7 12. Nd5 Bxd5 13. exd5 Nb6 14. Qa5 Rc8 15. Bb5+ axb5 16. Qxb6 Qxc2+ 17. Ka1 O-O 18. Rd2 Qc4 19. Qxb7 Ra8 20. Kb1 Qa4 21. Nc1 Rfe8 22. b3 Qb4 23. Rhd1 Rab8 24. Qa7 Qh4 25. g3 Qh3 26. Kb2 Qf5 27. Rf2 Nd7 28. Qa5 Bf6 29. Qd2 e4+ 30. Kb1 exf3+ 31. Nd3 Ne5 32. Bf4 Nc4 33. Qb4 Qxd5 34. Kc1 Rbc8 35. Rc2 Re2 36. Nf2 Rxc2+ 37. Kxc2 Na3# 0-1

[Event "25th Bosnjaci Open 2020"]
[Site "Bosnjaci"]
[Date "2020.01.04"]
[Round "3.13"]
[White "Zufic, Miroslav"]
[Black "Birkic, Josip"]
[Result "1-0"]
[ECO "B19"]
[WhiteElo "2375"]
[BlackElo "1996"]
[Annotator "NA"]
[PlyCount "81"]
[EventDate "2020.01.03"]
[EventType "swiss"]
[EventCountry "CRO"]
[SourceTitle "playchess.com"]
[Source "ChessBase"]
[SourceQuality "1"]
[TimeControl "5400+30"]

1. e4 c6 2. d4 d5 3. Nc3 dxe4 4. Nxe4 Bf5 5. Ng3 Bg6 6. h4 h6 7. Nf3 Nd7 8. h5 Bh7 9. Bd3 Bxd3 10. Qxd3 Qc7 11. Bd2 e6 12. O-O-O Ngf6 13. Qe2 O-O-O 14. Ne5 Nxe5 15. dxe5 Nd7 16. f4 Be7 17. Ne4 Nc5 18. Kb1 Nxe4 19. Qxe4 c5 20. Be3 Rxd1+ 21. Rxd1 Rd8 22. Re1 Qd7 23. c4 Qa4 24. b3 Qa5 25. Bc1 Bh4 26. Rh1 Bf2 27. f5 Bd4 28. Rh3 Qc7 29. Bf4 Qd7 30. g4 Bf2 31. Rh1 Qd4 32. Qf3 exf5 33. gxf5 Bg1 34. f6 Qd1+ 35. Qxd1 Rxd1+ 36. Kc2 Ra1 37. fxg7 Rxa2+ 38. Kd3 Rg2 39. Bxh6 Bd4 40. Ke4 Kd7 41. Kf3 1-0

[Event "25th Bosnjaci Open 2020"]
[Site "Bosnjaci"]
[Date "2020.01.05"]
[Round "4.1"]
[White "Zovko, Mario"]
[Black "Zaja, Ivan"]
[Result "0-1"]
[ECO "B00"]
[WhiteElo "2330"]
[BlackElo "2447"]
[Annotator "RC"]
[PlyCount "82"]
[EventDate "2020.01.03"]
[EventType "swiss"]
[EventCountry "CRO"]
[SourceTitle "playchess.com"]
[Source "ChessBase"]
[SourceQuality "1"]
[TimeControl "5400+30"]

1. e4 b6 2. d4 Bb7 3. Bd3 e6 4. Qe2 Nf6 5. Nf3 d5 6. Bg5 dxe4 7. Bxe4 Bxe4 8. Bxf6 Qd5 9. Be5 Bxf3 10. gxf3 Nc6 11. c3 Nxe5 12. dxe5 O-O-O 13. a4 g5 14. Rg1 Bg7 15. a5 Qxe5 16. axb6 axb6 17. Qxe5 Bxe5 18. Rxg5 Bxh2 19. Rg7 Kb7 20. Ra4 Rdg8 21. Rag4 Rxg7 22. Rxg7 h5 23. Kf1 h4 24. Kg2 Be5 25. Rxf7 h3+ 26. Kh1 Rd8 27. f4 Rd1+ 28. Kh2 Bd6 29. Na3 Bxa3 30. bxa3 Rd3 31. c4 Rxa3 32. f5 exf5 33. Rxf5 Rc3 34. Rf4 Kc6 35. f3 Kc5 36. Kxh3 Rxc4 37. Rxc4+ Kxc4 38. Kg4 b5 39. f4 b4 40. f5 Kd5 41. Kg5 b3 0-1

[Event "25th Bosnjaci Open 2020"]
[Site "Bosnjaci"]
[Date "2020.01.05"]
[Round "4.8"]
[White "Petricevic, Ivan"]
[Black "Bobanac, Miro"]
[Result "0-1"]
[ECO "D00"]
[WhiteElo "1942"]
[BlackElo "2218"]
[Annotator "NA"]
[PlyCount "70"]
[EventDate "2020.01.03"]
[EventType "swiss"]
[EventCountry "CRO"]
[SourceTitle "playchess.com"]
[Source "ChessBase"]
[SourceQuality "1"]
[TimeControl "5400+30"]

1. d4 Nf6 2. Nc3 d5 3. Nf3 Bf5 4. Bf4 e6 5. Nh4 Bg6 6. Nxg6 hxg6 7. Qd3 c6 8. O-O-O Bd6 9. Bxd6 $15 Qxd6 10. g3 Ng4 11. Qf3 Rxh2 12. Bg2 Rxh1 13. Rxh1 Nh6 14. e4 Nd7 15. g4 g5 16. exd5 cxd5 17. Nb5 Qb6 18. Bf1 a6 19. Qa3 O-O-O 20. Nd6+ Kb8 21. Rh3 Qxd4 22. Nxb7 Rc8 23. Rb3 Nb6 24. Qxa6 Qxf2 25. Be2 Kc7 26. Na5 Rb8 27. Rc3+ Kd6 28. Qa7 Rc8 29. Rxc8 Qe1+ 30. Bd1 Nxc8 31. Qb8+ Ke7 32. b4 Qe3+ 33. Kb1 Nb6 34. Nc6+ Kf6 35. a4 Nxa4 0-1

[Event "25th Bosnjaci Open 2020"]
[Site "Bosnjaci"]
[Date "2020.01.05"]
[Round "4.10"]
[White "Kovacevic, Blazimir"]
[Black "Boban, Sten"]
[Result "1-0"]
[ECO "A14"]
[WhiteElo "2451"]
[BlackElo "2078"]
[Annotator "ChessBase"]
[PlyCount "125"]
[EventDate "2020.01.03"]
[EventType "swiss"]
[EventCountry "CRO"]
[SourceTitle "playchess.com"]
[Source "ChessBase"]
[SourceQuality "1"]
[TimeControl "5400+30"]

1. c4 e6 2. g3 Nf6 3. Bg2 d5 4. Nf3 Be7 5. O-O O-O 6. b3 c6 7. Bb2 Nbd7 8. d3 Re8 9. Nbd2 a5 10. e4 dxe4 11. dxe4 e5 12. Nxe5 Nxe5 13. Bxe5 Bb4 14. Bf4 Bxd2 15. Bxd2 Nxe4 16. Be3 Qf6 17. Bd4 Qg6 18. Re1 Bf5 19. Qe2 Re6 20. Qb2 Rae8 21. f3 Ng5 22. Rxe6 Nxe6 23. Bb6 Bd3 24. Qc3 a4 25. bxa4 h5 26. Re1 Ra8 27. a5 h4 28. Kf2 hxg3+ 29. hxg3 Bb1 30. f4 Bf5 31. Qe5 Bd3 32. Re3 Bf5 33. Re1 Bd3 34. Be4 Bxe4 35. Qxe4 Qf6 36. Kg2 Qb2+ 37. Re2 Qf6 38. Qe5 Qxe5 39. Rxe5 g6 40. Kf3 Kg7 41. Re2 Kf6 42. Rd2 Ke7 43. Rh2 Kf6 44. g4 Re8 45. Rd2 Re7 46. Rd6 Kg7 47. a6 bxa6 48. Rxc6 Rb7 49. a4 Rd7 50. f5 Nd4+ 51. Bxd4+ Rxd4 52. fxg6 fxg6 53. g5 Kf7 54. a5 Ke7 55. Rxg6 Rxc4 56. Rxa6 Kf7 57. Rb6 Rc3+ 58. Kg4 Ra3 59. a6 Kg7 60. Kf4 Ra5 61. g6 Kf8 62. Re6 Kg7 63. Ke4 1-0

[Event "25th Bosnjaci Open 2020"]
[Site "Bosnjaci"]
[Date "2020.01.05"]
[Round "4.12"]
[White "Stocko, Josip"]
[Black "Takac, Zvonko"]
[Result "1-0"]
[ECO "D00"]
[WhiteElo "2262"]
[BlackElo "2066"]
[Annotator "NA"]
[PlyCount "101"]
[EventDate "2020.01.03"]
[EventType "swiss"]
[EventCountry "CRO"]
[SourceTitle "playchess.com"]
[Source "ChessBase"]
[SourceQuality "1"]
[TimeControl "5400+30"]

1. d4 Nf6 2. Bf4 d5 3. e3 e6 4. Nc3 Bd6 5. Bd3 Bxf4 6. exf4 O-O 7. Nf3 b6 8. O-O Ba6 9. Re1 c5 10. Ne5 cxd4 11. Ne2 Bxd3 12. Qxd3 Nbd7 $11 13. Nxd4 Rc8 14. Nec6 Qe8 15. Nxa7 Rc4 16. Nab5 Qb8 17. g3 e5 18. fxe5 Nxe5 19. Qf5 Nc6 20. Nxc6 Rxc6 21. Nd4 Rc4 22. c3 Qd6 23. Qe5 Qd8 24. Nf5 Re8 25. Qd6 Ne4 26. Qxd8 Rxd8 27. Rad1 Kf8 28. Kg2 Nf6 29. a3 g6 30. Ne3 Re4 31. f3 Re6 32. Kf2 h5 33. Nc2 Ke7 34. Nb4 Kd6 35. c4 Kc5 36. cxd5 Nxd5 37. Rxd5+ Rxd5 38. Nxd5 Kxd5 39. Rxe6 fxe6 40. Ke3 Kc4 41. Kd2 e5 42. Kc2 g5 43. b3+ Kd4 44. Kd2 g4 45. fxg4 hxg4 46. a4 Kc5 47. Kc3 Kd5 48. b4 Ke4 49. a5 bxa5 50. bxa5 Kf3 51. a6 1-0

[Event "25th Bosnjaci Open 2020"]
[Site "Bosnjaci"]
[Date "2020.01.05"]
[Round "4.14"]
[White "Sipic, Hrvoje"]
[Black "Pasalic, Adnan"]
[Result "1-0"]
[ECO "D02"]
[WhiteElo "2210"]
[BlackElo "2024"]
[Annotator "NA"]
[PlyCount "69"]
[EventDate "2020.01.03"]
[EventType "swiss"]
[EventCountry "CRO"]
[SourceTitle "playchess.com"]
[Source "ChessBase"]
[SourceQuality "1"]
[TimeControl "5400+30"]

1. Nf3 d5 2. d4 Nf6 3. Bf4 e6 4. e3 Be7 5. Nbd2 O-O 6. Bd3 c5 7. c3 Nbd7 8. Ne5 Re8 9. O-O Nf8 10. Bg3 Ng6 $14 11. f4 Qb6 12. Rb1 Bd7 13. Nxd7 Nxd7 14. f5 exf5 15. Rxf5 Nf6 16. Qf3 Bd6 17. h4 Bxg3 18. Qxg3 Qe6 19. Re1 cxd4 20. cxd4 Ne4 21. Bxe4 dxe4 22. Ref1 Qxa2 23. h5 Nh8 24. h6 Ng6 25. hxg7 Kxg7 26. d5 Rf8 27. Nxe4 Qxb2 28. Qc7 Nh8 29. Ng5 Kg8 30. Ne4 Rac8 31. Qg3+ Ng6 32. Nf6+ Kg7 33. Qh3 h6 34. Ng4 Kg8 35. Qxh6 1-0

[Event "25th Bosnjaci Open 2020"]
[Site "Bosnjaci"]
[Date "2020.01.06"]
[Round "5.1"]
[White "Zaja, Ivan"]
[Black "Fercec, Nenad"]
[Result "1/2-1/2"]
[ECO "A50"]
[WhiteElo "2447"]
[BlackElo "2423"]
[Annotator "RC"]
[PlyCount "84"]
[EventDate "2020.01.03"]
[EventType "swiss"]
[EventCountry "CRO"]
[SourceTitle "playchess.com"]
[Source "ChessBase"]
[SourceQuality "1"]
[TimeControl "5400+30"]

1. d4 Nf6 2. c4 b6 3. f3 Nc6 4. Nc3 e5 5. d5 Ne7 6. g4 Ng6 7. h4 Be7 8. h5 Nf8 9. e3 h6 10. Bd3 c6 11. Nge2 Bb7 12. Bc2 cxd5 13. cxd5 d6 14. Ng3 N8h7 15. Qd3 a6 16. Nf5 Kf8 17. e4 Nd7 18. Nxe7 Qxe7 19. Ne2 Ng5 20. Ng3 Qf6 21. Nf5 g6 22. hxg6 fxg6 23. Bxg5 hxg5 24. Rxh8+ Qxh8 25. Nxd6 Qh4+ 26. Kd2 Qf2+ 27. Qe2 Qd4+ 28. Kc1 Nc5 29. a4 Ke7 30. Nxb7 Nxb7 31. Ra3 Nc5 32. Qd2 Qg1+ 33. Bd1 Rc8 34. Kb1 a5 35. Qxg5+ Kf7 36. Qd2 Rh8 37. Re3 Rh1 38. Kc2 Na6 39. Kc1 Nb4 40. d6 Na2+ 41. Kb1 Nb4 42. Kc1 Na2+ 1/2-1/2

[Event "25th Bosnjaci Open 2020"]
[Site "Bosnjaci"]
[Date "2020.01.06"]
[Round "5.2"]
[White "Rogulj, Branko"]
[Black "Muratovic, Efim"]
[Result "0-1"]
[ECO "B46"]
[WhiteElo "2386"]
[BlackElo "2394"]
[Annotator "ChessBase"]
[PlyCount "110"]
[EventDate "2020.01.03"]
[EventType "swiss"]
[EventCountry "CRO"]
[SourceTitle "playchess.com"]
[Source "ChessBase"]
[SourceQuality "1"]
[TimeControl "5400+30"]

1. e4 c5 2. Nc3 e6 3. Nf3 a6 4. d4 cxd4 5. Nxd4 Nc6 6. g3 Qf6 7. Nxc6 dxc6 8. Bg2 Bc5 9. O-O e5 10. Na4 Ba7 11. Be3 Bxe3 12. fxe3 Qg5 13. Qd3 Bg4 14. Nc5 Nf6 15. h4 Qh6 16. Qd6 Qxe3+ 17. Kh2 Rd8 18. Qxe5+ Be6 19. Kh1 Ng4 20. Qc3 Qxc3 21. bxc3 Rd2 22. Nxb7 Ke7 23. Na5 Ne3 24. Rg1 Rc8 25. c4 Bg4 26. Nb3 Rxc2 27. Nd4 Rxc4 28. Nf5+ Nxf5 29. exf5 Bxf5 30. Rge1+ Be6 31. a4 Rb8 32. Re3 Rbb4 33. a5 Kd6 34. Bf1 Bd5+ 35. Kg1 Ra4 36. Rd1 Rc5 37. Bxa6 Rcxa5 38. Bd3 Ra1 39. Ree1 Rxd1 40. Rxd1 Ra3 41. Kf2 Ke5 42. Be2 g6 43. Rb1 h5 44. Rb8 Kd4 45. Rb4+ Ke5 46. Rb8 c5 47. Rb1 c4 48. Rc1 Kd4 49. Rd1+ Kc5 50. g4 hxg4 51. Bxg4 Ra2+ 52. Kg3 f5 53. Bh3 Ra3+ 54. Kh2 c3 55. h5 Bf3 0-1

[Event "25th Bosnjaci Open 2020"]
[Site "Bosnjaci"]
[Date "2020.01.06"]
[Round "5.3"]
[White "Plenkovic, Zdenko"]
[Black "Klasan, Vladimir"]
[Result "0-1"]
[ECO "B30"]
[WhiteElo "2348"]
[BlackElo "2342"]
[Annotator "ChessBase"]
[PlyCount "90"]
[EventDate "2020.01.03"]
[EventType "swiss"]
[EventCountry "CRO"]
[SourceTitle "playchess.com"]
[Source "ChessBase"]
[SourceQuality "1"]
[TimeControl "5400+30"]

1. e4 c5 2. Nf3 Nc6 3. Nc3 e5 4. Bc4 g6 5. d3 h6 6. Nd2 Bg7 7. Nf1 Nge7 8. Ne3 O-O 9. h4 d6 10. h5 g5 11. g4 Be6 12. Bd2 a6 13. a4 Rb8 14. O-O Nd4 15. a5 Ndc6 16. Ncd5 Bxd5 17. Bxd5 Nxd5 18. Nxd5 Ne7 19. Nxe7+ Qxe7 20. c4 b5 21. axb6 Rxb6 22. Bc3 Qb7 23. Qf3 Ra8 24. Ra5 Qc7 25. Rfa1 Qb7 26. R1a2 Qc6 27. Qd1 Qc8 28. Kg2 Bf6 29. Kg3 Qb7 30. R5a4 Kg7 31. Qa1 Kf8 32. R2a3 Kg7 33. Ra2 Kg8 34. R4a3 Qc6 35. Ba5 Rbb8 36. Qd1 Qb7 37. Qa4 Be7 38. b4 cxb4 39. Rb3 Qc8 40. Rxb4 Rxb4 41. Bxb4 Rb8 42. Bd2 Rb1 43. f3 Qc5 44. Bc3 Qg1+ 45. Rg2 Qh1 0-1

[Event "25th Bosnjaci Open 2020"]
[Site "Bosnjaci"]
[Date "2020.01.06"]
[Round "5.4"]
[White "Bobanac, Miro"]
[Black "Runic, Zoran"]
[Result "0-1"]
[ECO "A37"]
[WhiteElo "2218"]
[BlackElo "2326"]
[Annotator "ChessBase"]
[PlyCount "140"]
[EventDate "2020.01.03"]
[EventType "swiss"]
[EventCountry "CRO"]
[SourceTitle "playchess.com"]
[Source "ChessBase"]
[SourceQuality "1"]
[TimeControl "5400+30"]

1. Nf3 c5 2. c4 d6 3. g3 e5 4. Nc3 g6 5. Bg2 Bg7 6. O-O Ne7 7. d3 Nbc6 8. Bd2 O-O 9. a3 h6 10. Rb1 a5 11. Nd5 Nxd5 12. cxd5 Ne7 13. e4 b5 14. Ne1 b4 15. f4 exf4 16. Bxf4 g5 17. Be3 Ng6 18. d4 cxd4 19. Bxd4 Bxd4+ 20. Qxd4 Rb8 21. Nf3 Bg4 22. Nd2 Ne5 23. Rbc1 Be2 24. Rf5 Qb6 25. Qxb6 Rxb6 26. axb4 Rxb4 27. b3 Kg7 28. h3 Rd4 29. Rc2 Rb8 30. Rf2 Bd1 31. Ra2 g4 32. hxg4 Nxg4 33. Rf4 Ne5 34. Rf2 Bxb3 35. Rxa5 Bd1 36. Ra2 Rd3 37. Nf1 Rb1 38. Bh3 Bg4 39. Kg2 Bf3+ 40. Kg1 Bxe4 41. Bg2 Bxd5 42. Bxd5 Rxd5 43. Kg2 Rdd1 44. Rad2 Ng4 45. Rxd1 Rxd1 46. Ra2 Rd3 47. Nd2 d5 48. Nf3 h5 49. Ra6 Nf6 50. Ra7 Re3 51. Ng5 Ne4 52. Nxf7 Rxg3+ 53. Kh2 Kf6 54. Nd6 Rg4 55. Nb5 Ng5 56. Nc3 d4 57. Nd5+ Ke5 58. Ra5 Nf3+ 59. Kh3 Rg1 60. Nb4+ Kf4 61. Nd5+ Kg5 62. Ne3+ Kg6 63. Ng2 Ng5+ 64. Kh2 Rf1 65. Nh4+ Kf6 66. Kg2 Rf4 67. Ra6+ Kf7 68. Ng6 Re4 69. Kg3 Ne6 70. Nh4 Rg4+ 0-1

[Event "25th Bosnjaci Open 2020"]
[Site "Bosnjaci"]
[Date "2020.01.06"]
[Round "5.8"]
[White "Rosic, Slavko S"]
[Black "Tomas, Ante"]
[Result "1-0"]
[ECO "C45"]
[WhiteElo "2295"]
[BlackElo "2157"]
[Annotator "ChessBase"]
[PlyCount "169"]
[EventDate "2020.01.03"]
[EventType "swiss"]
[EventCountry "CRO"]
[SourceTitle "playchess.com"]
[Source "ChessBase"]
[SourceQuality "1"]
[TimeControl "5400+30"]

1. e4 e5 2. Nf3 Nc6 3. d4 exd4 4. Nxd4 Nf6 5. Nxc6 bxc6 6. Bd3 d5 7. e5 Ng4 8. Bf4 Bc5 9. O-O g5 10. Bg3 h5 11. Be2 f5 12. exf6 Qxf6 13. Bxg4 Bxg4 14. Qe1+ Qe7 15. Qxe7+ Kxe7 16. Nd2 Kd7 17. Nb3 Bb6 18. h3 Bf5 19. c3 Rae8 20. Rfe1 Rxe1+ 21. Rxe1 Re8 22. Be5 c5 23. Re3 c4 24. Nd4 Be4 25. Bf6 c5 26. Ne2 Bd8 27. Bxd8 Rxd8 28. Ng3 Bb1 29. Re5 Kc6 30. Rxg5 d4 31. a4 d3 32. Ne4 d2 33. Rxc5+ Kb6 34. Rb5+ Kc7 35. Rc5+ Kb6 36. Rb5+ Kc7 37. Nxd2 Rxd2 38. Rxh5 Bd3 39. Rb5 a6 40. Rb4 Kc6 41. g4 Rd1+ 42. Kg2 Bf1+ 43. Kg3 a5 44. Rb5 Rd3+ 45. f3 Be2 46. Rf5 Bd1 47. g5 Bxa4 48. Rxa5 Bd1 49. Rf5 Kd6 50. h4 Ke6 51. Rf4 Bb3 52. g6 Rd1 53. h5 Rh1 54. Rg4 Bc2 55. Kg2 Rxh5 56. g7 Bh7 57. g8=Q+ Bxg8 58. Rxg8 Rb5 59. Re8+ Kf5 60. Re2 Rb8 61. Re4 Rc8 62. Kf2 Rc7 63. Ke3 Rc8 64. Kd4 Rc7 65. Kd5 Rb7 66. Rxc4 Rxb2 67. Rc8 Rd2+ 68. Kc5 Ke6 69. c4 Kd7 70. Rf8 Rh2 71. Rf7+ Kc8 72. f4 Rh6 73. f5 Kd8 74. Kd5 Ke8 75. Ra7 Kd8 76. c5 Kc8 77. Rg7 Kb8 78. Ke5 Rc6 79. f6 Rxc5+ 80. Kd6 Rc1 81. f7 Rd1+ 82. Kc5 Rc1+ 83. Kd4 Rd1+ 84. Ke3 Rf1 85. Rg8+ 1-0

[Event "25th Bosnjaci Open 2020"]
[Site "Bosnjaci"]
[Date "2020.01.06"]
[Round "5.10"]
[White "Matanovic, Luka"]
[Black "Draganic, Stjepan"]
[Result "1/2-1/2"]
[ECO "B13"]
[WhiteElo "2256"]
[BlackElo "2112"]
[Annotator "ChessBase"]
[PlyCount "119"]
[EventDate "2020.01.03"]
[EventType "swiss"]
[EventCountry "CRO"]
[SourceTitle "playchess.com"]
[Source "ChessBase"]
[SourceQuality "1"]
[TimeControl "5400+30"]

1. e4 c6 2. d4 d5 3. exd5 cxd5 4. c3 Nf6 5. Bd3 Nc6 6. Bf4 g6 7. h3 Bg7 8. Nf3 O-O 9. O-O Bf5 10. Re1 Bxd3 11. Qxd3 Ne4 12. Nbd2 Nxd2 13. Nxd2 Re8 14. Nb3 Na5 15. Qb5 Nc4 16. Nc5 Qb6 17. a4 Nxb2 18. Reb1 Qxb5 19. axb5 Nc4 20. Nxb7 e5 21. dxe5 Reb8 22. Na5 Bxe5 23. Bxe5 Nxe5 24. f4 Nc4 25. Nxc4 dxc4 26. Ra4 Rc8 27. Rbb4 Rcb8 28. Ra5 Rc8 29. Rba4 Rab8 30. Rxa7 Rxb5 31. Ra8 Rbc5 32. Rxc8+ Rxc8 33. Kf2 Kg7 34. Ke3 Re8+ 35. Kf3 Rc8 36. g4 Rd8 37. Rxc4 Rd3+ 38. Kg2 Kf6 39. Rc6+ Ke7 40. g5 Kd7 41. Rc4 Ke6 42. Rc7 Rd2+ 43. Kg3 Rd3+ 44. Kh4 Rf3 45. Kg4 Rd3 46. Rc6+ Kd7 47. Rc4 Re3 48. Rd4+ Ke6 49. c4 f5+ 50. gxf6 h5+ 51. Kg5 Rg3+ 52. Kh6 Kxf6 53. c5 Rxh3 54. Rc4 Ra3 55. c6 Ra8 56. Kh7 Rc8 57. c7 h4 58. Rc3 h3 59. Rxh3 Rxc7+ 60. Kh6 1/2-1/2

[Event "25th Bosnjaci Open 2020"]
[Site "Bosnjaci"]
[Date "2020.01.06"]
[Round "5.11"]
[White "Sadikovic, Jasmin"]
[Black "Andrijevic, Milan"]
[Result "0-1"]
[ECO "B48"]
[WhiteElo "2111"]
[BlackElo "2223"]
[Annotator "ChessBase"]
[PlyCount "116"]
[EventDate "2020.01.03"]
[EventType "swiss"]
[EventCountry "CRO"]
[SourceTitle "playchess.com"]
[Source "ChessBase"]
[SourceQuality "1"]
[TimeControl "5400+30"]

1. e4 c5 2. Nf3 a6 3. d4 cxd4 4. Nxd4 e6 5. Be2 Nc6 6. Nc3 Qc7 7. O-O Nf6 8. Be3 Bb4 9. f3 O-O 10. Nxc6 bxc6 11. a3 Be7 12. f4 d6 13. Qe1 Bb7 14. Bf3 c5 15. Rd1 Rfe8 16. Qg3 Nd7 17. Bh5 Bf8 18. Rf2 g6 19. Bf3 Bc6 20. Bc1 Bg7 21. Re2 Rad8 22. Rde1 Nb6 23. f5 Nd7 24. fxe6 fxe6 25. h4 Ne5 26. h5 Qf7 27. Rf1 Rf8 28. h6 Bf6 29. Kh1 Qe7 30. Qh3 Rf7 31. Nd1 Rdf8 32. Ref2 Nxf3 33. gxf3 Bd4 34. Re2 Bb5 35. Ref2 Bxf1 36. Rxf1 Be5 37. Qg4 Bf4 38. Ne3 Bxh6 39. Nd5 exd5 40. Bxh6 Re8 41. exd5 Qe2 42. Qh3 Rf5 43. Rg1 Qxf3+ 44. Qxf3 Rxf3 45. Kg2 Rf5 46. c4 Re2+ 47. Kg3 Rxb2 48. Re1 Kf7 49. Re6 Rb3+ 50. Kg4 Rf6 51. Re2 Rc3 52. Re4 Rd3 53. Be3 Rf1 54. Bf4 Rg1+ 55. Kh4 g5+ 56. Bxg5 Rd4 57. Rxd4 cxd4 58. Bf4 Ke7 0-1

[Event "25th Bosnjaci Open 2020"]
[Site "Bosnjaci"]
[Date "2020.01.06"]
[Round "5.12"]
[White "Muskinja, Luka"]
[Black "Sipic, Hrvoje"]
[Result "1/2-1/2"]
[ECO "B50"]
[WhiteElo "1901"]
[BlackElo "2210"]
[Annotator "ChessBase"]
[PlyCount "36"]
[EventDate "2020.01.03"]
[EventType "swiss"]
[EventCountry "CRO"]
[SourceTitle "playchess.com"]
[Source "ChessBase"]
[SourceQuality "1"]
[TimeControl "5400+30"]

1. e4 c5 2. Nf3 d6 3. Bc4 Nf6 4. Qe2 Nc6 5. c3 a6 6. Bb3 e6 7. O-O Be7 8. d4 O-O 9. Rd1 cxd4 10. cxd4 d5 11. e5 Ne4 12. Bc2 f5 13. exf6 Nxf6 14. Nc3 Bd6 15. Ne5 Qe8 16. f4 Qh5 17. Qxh5 Nxh5 18. g3 Nf6 1/2-1/2

[Event "25th Bosnjaci Open 2020"]
[Site "Bosnjaci"]
[Date "2020.01.06"]
[Round "6.4"]
[White "Andrijevic, Milan"]
[Black "Rosic, Slavko S"]
[Result "0-1"]
[ECO "B84"]
[WhiteElo "2223"]
[BlackElo "2295"]
[Annotator "ChessBase"]
[PlyCount "118"]
[EventDate "2020.01.03"]
[EventType "swiss"]
[EventCountry "CRO"]
[SourceTitle "playchess.com"]
[Source "ChessBase"]
[SourceQuality "1"]
[TimeControl "5400+30"]

1. e4 c5 2. Nf3 d6 3. d4 cxd4 4. Nxd4 Nf6 5. Nc3 a6 6. Be2 e6 7. O-O Qc7 8. f4 b6 9. Bf3 Bb7 10. e5 dxe5 11. fxe5 Nfd7 12. Bxb7 Qxb7 13. Qh5 g6 14. Qh4 Bc5 15. Be3 Nc6 16. Kh1 Ncxe5 17. Ne4 Be7 18. Bg5 Bxg5 19. Nxg5 O-O-O 20. Nxf7 Nxf7 21. Rxf7 Qd5 22. Nf3 Rdf8 23. Rf4 Rxf4 24. Qxf4 Rf8 25. Qe3 e5 26. c4 Qc5 27. Qe4 Kc7 28. Re1 Qc6 29. Qh4 h5 30. b3 Rf4 31. Qg5 Qd6 32. Qg3 Qd3 33. Kg1 Re4 34. Rxe4 Qxe4 35. h4 a5 36. Qe1 Qd3 37. Qd2 Qb1+ 38. Kh2 Qe4 39. Qg5 Kd6 40. Qd2+ Kc6 41. Kg1 a4 42. Ng5 Qb1+ 43. Kh2 Nf6 44. b4 Qf5 45. c5 bxc5 46. bxc5 Nd5 47. Qa5 Qf4+ 48. g3 Qf2+ 49. Kh3 Qf1+ 50. Kh2 Qc4 51. Qa8+ Kxc5 52. Qa7+ Kb4 53. Qb8+ Ka3 54. Qxe5 Kxa2 55. Ne4 a3 56. Nd2 Qd3 57. Ne4 Qc2+ 58. Kh3 Qd1 59. Nc3+ Nxc3 0-1

[Event "25th Bosnjaci Open 2020"]
[Site "Bosnjaci"]
[Date "2020.01.06"]
[Round "6.6"]
[White "Jakovljevic, Vlado"]
[Black "Blagojevic, Marijan"]
[Result "1/2-1/2"]
[ECO "E62"]
[WhiteElo "2351"]
[BlackElo "2164"]
[Annotator "ChessBase"]
[PlyCount "90"]
[EventDate "2020.01.03"]
[EventType "swiss"]
[EventCountry "CRO"]
[SourceTitle "playchess.com"]
[Source "ChessBase"]
[SourceQuality "1"]
[TimeControl "5400+30"]

1. Nf3 g6 2. d4 Bg7 3. c4 d6 4. Nc3 Nf6 5. g3 O-O 6. Bg2 Nc6 7. O-O e5 8. dxe5 dxe5 9. Bg5 Be6 10. Nd2 h6 11. Bxf6 Qxf6 12. Nd5 Bxd5 13. cxd5 Ne7 14. Rc1 Rad8 15. Qb3 Qa6 16. Rxc7 Qxe2 17. Rxe7 Qxd2 18. Rd1 Qa5 19. Rxb7 Rd6 20. Rc1 Rfd8 21. a3 Bf8 22. Qe3 Rb6 23. Rxb6 Qxb6 24. Qxb6 axb6 25. Rc6 Rd6 26. Kf1 f5 27. Ke2 Kf7 28. Rxd6 Bxd6 29. f3 Ke7 30. Kd3 Bc5 31. Kc4 Kd6 32. h3 Be3 33. a4 Bc1 34. b4 Bd2 35. g4 Be1 36. gxf5 gxf5 37. Bf1 e4 38. fxe4 fxe4 39. Bg2 e3 40. Bf3 Bd2 41. h4 Be1 42. h5 Bd2 43. Kb5 e2 44. Bxe2 Kxd5 45. Bd1 Kd6 1/2-1/2

[Event "25th Bosnjaci Open 2020"]
[Site "Bosnjaci"]
[Date "2020.01.06"]
[Round "6.9"]
[White "Stocko, Josip"]
[Black "Matic, Zeljko"]
[Result "1/2-1/2"]
[ECO "B06"]
[WhiteElo "2262"]
[BlackElo "2142"]
[Annotator "ChessBase"]
[PlyCount "47"]
[EventDate "2020.01.03"]
[EventType "swiss"]
[EventCountry "CRO"]
[SourceTitle "playchess.com"]
[Source "ChessBase"]
[SourceQuality "1"]
[TimeControl "5400+30"]

1. e4 g6 2. d4 Bg7 3. Nc3 d6 4. Be3 a6 5. Qd2 Nd7 6. Nf3 b5 7. Bd3 c5 8. dxc5 dxc5 9. O-O Ngf6 10. h3 Qc7 11. Bh6 O-O 12. Rfe1 e5 13. Bf1 Bb7 14. Bxg7 Kxg7 15. a4 b4 16. Nd5 Nxd5 17. exd5 Qd6 18. Rad1 f6 19. c4 Rae8 20. Qc2 Rf7 21. h4 Nf8 22. Nd2 f5 23. Nb3 Bc8 24. Qd2 1/2-1/2

[Event "25th Bosnjaci Open 2020"]
[Site "Bosnjaci"]
[Date "2020.01.06"]
[Round "6.10"]
[White "Muskinja, Luka"]
[Black "Matanovic, Luka"]
[Result "0-1"]
[ECO "A06"]
[WhiteElo "1901"]
[BlackElo "2256"]
[Annotator "ChessBase"]
[PlyCount "80"]
[EventDate "2020.01.03"]
[EventType "swiss"]
[EventCountry "CRO"]
[SourceTitle "playchess.com"]
[Source "ChessBase"]
[SourceQuality "1"]
[TimeControl "5400+30"]

1. Nf3 d5 2. b3 c5 3. e3 a6 4. Bb2 Nc6 5. d4 Bg4 6. a3 cxd4 7. exd4 e6 8. Bd3 Bd6 9. Nbd2 Qf6 10. c4 Nge7 11. Qc2 Ng6 12. Bxg6 hxg6 13. Qd3 Kf8 14. Kf1 Bf5 15. Qe2 g5 16. Ne5 Bxe5 17. dxe5 Qg6 18. Qe3 Rd8 19. Nf3 dxc4 20. bxc4 Rd3 21. Qxg5 Qxg5 22. Nxg5 Rd2 23. Bc3 Rc2 24. Bb4+ Nxb4 25. axb4 Bd3+ 26. Kg1 Rh4 27. Nf3 Rhxc4 28. h3 Be4 29. Ne1 Rc1 30. Rxc1 Rxc1 31. Kh2 b6 32. f3 Bb1 33. f4 Be4 34. Kg3 a5 35. bxa5 bxa5 36. Kg4 a4 37. Rh2 Rxe1 38. g3 a3 39. Ra2 Re3 40. h4 Bf5+ 0-1

[Event "25th Bosnjaci Open 2020"]
[Site "Bosnjaci"]
[Date "2020.01.06"]
[Round "6.11"]
[White "Dubrovic, Mihovil"]
[Black "Bobanac, Miro"]
[Result "0-1"]
[ECO "B02"]
[WhiteElo "1900"]
[BlackElo "2218"]
[Annotator "ChessBase"]
[PlyCount "66"]
[EventDate "2020.01.03"]
[EventType "swiss"]
[EventCountry "CRO"]
[SourceTitle "playchess.com"]
[Source "ChessBase"]
[SourceQuality "1"]
[TimeControl "5400+30"]

1. e4 Nf6 2. Nc3 d5 3. e5 d4 4. exf6 dxc3 5. fxg7 cxd2+ 6. Qxd2 Bxg7 7. Qxd8+ Kxd8 8. Bc4 e6 9. Nf3 b6 10. Bg5+ f6 11. O-O-O+ Ke7 12. Bh4 c5 13. Rhe1 Nc6 14. Bd5 Bd7 15. Re2 Rae8 16. Bc4 Na5 17. Ne5 Bc8 18. Bb5 Rd8 19. Nc6+ Nxc6 20. Bxc6 Bh6+ 21. Re3 Bxe3+ 22. fxe3 Rxd1+ 23. Kxd1 e5 24. Bf3 Rd8+ 25. Ke1 Be6 26. a3 b5 27. Bf2 a5 28. Be2 Bc4 29. Bg4 b4 30. e4 Kd6 31. axb4 cxb4 32. Bf5 a4 33. b3 a3 0-1